 Dungeon Crawl Stone Soup version 0.24.0-13-gcf9b3192b9 (console) character file.

Game seed: 16944479399570906171, levelgen mode: deterministic

15050 AlterAsc the Fighter (level 12, -4/154 HPs)
             Began as a Human Fighter on Nov 7, 2019.
             Was an Elder of the Shining One.
             Slain by Snorg (9 damage)
             ... on level 11 of the Dungeon on Nov 8, 2019.
             The game lasted 00:59:57 (16382 turns).

AlterAsc the Fighter (Human Fighter)               Turns: 16382, Time: 00:59:58

Health: -4/154     AC: 26    Str: 17    XL:     12   Next: 52%
Magic:  16/16      EV:  2    Int: 17    God:    the Shining One [****..]
Gold:   608        SH: 11    Dex: 14    Spells: 11/11 levels left

rFire    . . .     SeeInvis .   a - +1 scimitar (holy)
rCold    . . .     Gourm    +   c - +0 shield
rNeg     + + +     Faith    .   (armour currently unavailable)
rPois    +         Spirit   .   (helmet currently unavailable)
rElec    .         Reflect  .   (cloak currently unavailable)
rCorr    .         Harm     .   (gloves currently unavailable)
MR       .....     NoTele   +   (boots currently unavailable)
Stlth    +.........             e - amulet of the gourmand
HPRegen  0.35/turn              r - ring of wizardry
MPRegen  0.15/turn              z - +5 ring of intelligence

@: tree-form, glowing, studying Shields
A: no striking features
a: Divine Shield, Cleansing Flame, Renounce Religion


You were on level 11 of the Dungeon.
You worshipped the Shining One.
The Shining One was greatly pleased with you.
You were very full.
You were a tree.
You visited 2 branches of the dungeon, and saw 12 of its levels.
You also visited: Bailey.

You collected 608 gold pieces.

Inventory:

Hand Weapons
 a - a +1 scimitar of holy wrath (weapon)
 b - a +2 executioner's axe of flaming
 L - a +0 whip of electrocution
 Y - a +0 trident
Missiles
 i - 6 javelins (quivered)
 U - 99 bolts
Armour
 c - a +0 shield (worn)
 x - a +2 leather armour of poison resistance
 C - a +0 cloak (melded)
 D - the cursed +1 scale mail of Blue Skies (melded) {rF++ rN+ MR+ Str+2}
   (You took it off an orc on level 6 of the Dungeon)

   It affects your strength (+2).
   It greatly protects you from fire.
   It protects you from negative energy.
   It affects your resistance to hostile enchantments.
   It has a curse placed upon it.
 E - a +2 pair of boots (melded)
 P - a +2 leather armour of poison resistance
 V - a +3 plate armour
 W - a +0 scale mail
Magical Staves
 J - an uncursed staff of cold
Jewellery
 d - an uncursed ring of positive energy
 e - an amulet of the gourmand (around neck)
 q - an uncursed amulet of magic regeneration
 r - a ring of wizardry (left branch)
 w - an uncursed ring of see invisible
 z - a +5 ring of intelligence (right branch)
 F - a cursed amulet of inaccuracy {unknown}
Wands
 o - a wand of polymorph (11)
 t - a wand of flame (17)
 A - a wand of random effects (34)
 G - a wand of iceblast (14)
 M - a wand of disintegration (13)
 R - a wand of clouds (5)
 Z - a wand of paralysis (8)
Scrolls
 j - a scroll of magic mapping
 k - 2 scrolls of fear {unknown}
 l - a scroll of random uselessness {unknown}
 m - 6 scrolls of enchant armour {unknown}
 n - 4 scrolls of immolation
 s - a scroll of blinking {unknown}
 y - 3 scrolls of remove curse
 I - a scroll of amnesia {unknown}
 K - a scroll of teleportation
 O - 4 scrolls of identify
Potions
 g - a potion of lignification
 h - 2 potions of degeneration {unknown}
 p - a potion of haste {unknown}
 u - a potion of invisibility
 B - 9 potions of curing
 N - 2 potions of agility
 S - 3 potions of heal wounds {unknown}
 T - a potion of brilliance {unknown}
Books
 X - a manual of Shields
Comestibles
 f - 22 rations


   Skills:
 - Level 12.9 Fighting
 * Level 10.6 Long Blades
 * Level 3.7 Axes
 + Level 7.2 Armour
 + Level 7.5 Shields
 + Level 1.2 Invocations
 + Level 6.2 Evocations


You had 11 spell levels left.
You didn't know any spells.
Your spell library contained the following spells:

 Spells                   Type           Power        Failure   Level  Hunger
 Animate Skeleton         Necr           N/A          24%         1    ##.....
 Apportation              Tloc           #.....       24%         1    ##.....
 Confusing Touch          Hex            #.....       24%         1    ##.....
 Corona                   Hex            #......      24%         1    ##.....
 Pain                     Necr           #...         24%         1    ##.....
 Summon Small Mammal      Summ           #...         24%         1    ##.....
 Ensorcelled Hibernation  Hex/Ice        #.....       34%         2    ###....
 Confuse                  Hex            #.......     56%         3    ####...
 Dazzling Spray           Conj/Hex       #.....       56%         3    ####...
 Regeneration             Chrm/Necr      #.........   56%         3    ####...
 Tukima's Dance           Hex            #.......     56%         3    ####...
 Vampiric Draining        Necr           #.........   56%         3    ####...
 Animate Dead             Necr           N/A          91%         4    #####..


Dungeon Overview and Level Annotations

Branches:
Dungeon (11/15)            Temple (1/1) D:4            Lair (0/6) D:9
 Bailey (visited)
    Orc: D:9-12

Altars:
Ashenzari
Cheibriados
Dithmenos
Elyvilon
Fedhas
Gozag
Hepliaklqana
Kikubaaqudgha
Makhleb
Nemelex Xobeh
Okawaru
Qazlal
Ru
Sif Muna
Trog
Uskayaw
Vehumet
Wu Jian
Xom
Yredelemnul
Zin
The Shining One

Shops:
D:4 :   D:7 %}}

Portals:
Trove: D:10 (give 13 potions of heal wounds)

Annotations:
D:11 Erolcha, Snorg


Innate Abilities, Weirdness & Mutations

((You are partially covered in slimy green scales. (AC +2)))
((Your system is resistant to poisons. (rPois)))


Message History

Your +2 pair of boots melds into your body.
The cursed +1 scale mail of Blue Skies {rF++ rN+ MR+ Str+2} melds into your body.
Your roots penetrate the ground.
The two-headed ogre hits you with a +0 great mace.
* * * LOW HITPOINT WARNING * * *
The two-headed ogre hits you but does no damage.
You block Erolcha's attack.
You hit the two-headed ogre but do no damage.
The two-headed ogre is severely wounded.
The two-headed ogre hits you but does no damage. x2
You hit the two-headed ogre but do no damage.
The two-headed ogre is severely wounded.
You block Erolcha's attack.
You hit the two-headed ogre.
The two-headed ogre is severely wounded.
The two-headed ogre hits you but does no damage.
The two-headed ogre hits you with a +0 giant spiked club.
* * * LOW HITPOINT WARNING * * *
Snorg bites you!
You die...

.# .# #.....#.#
### .###
##.####.#...#.
#.###...
##..##.#.##....
###.##..#
##...##.#.##....
#....>.#
.....#..#...###.
#....##
............####
#.....#
##.###.........##.
#...#.## #.O#
###..###....#
#..##..####♣##
#..# ##..##
#..###....TO# ##.#
#..# .
##..##.......#
#.####.## .#
#....#.#####.#
###..##..#
#.###.....# #..#
#........#
#.........#
##.###..#####.)#
##.......## .....#
##.### #........##
.#..# ##....
##...#....# ###..
####.....


You could see Snorg, a two-headed ogre and Erolcha.

Vanquished Creatures
  A hydra (D:11)
  Harold (D:8)
  A two-headed ogre (D:9)
  Sonja (D:10)
  An orc knight (Bailey)
  Pikel (D:8)
  A cyclops (D:11)
  Joseph (D:10)
  Psyche (D:8)
  A queen bee (D:10)
  2 hippogriffs
  Eustachio (D:5)
  10 yaks
  A hungry ghost (D:8)
  3 wargs (D:9)
  An ice beast (D:7)
  2 sky beasts
  18 orc warriors
  2 slaves (D:7)
  A black bear (D:7)
  4 phantoms
  6 ogres
  3 centaurs
  7 bullfrogs
  2 big kobolds
  A water moccasin zombie (D:5)
  3 scorpions
  18 killer bees
  3 wights
  3 howler monkeys
  4 crimson imps
  A quasit (D:11)
  5 hounds
  3 bullfrog skeletons
  5 jellies
  10 orc priests
  Crazy Yiuf (D:7)
  3 gnoll shamans
  6 iguanas
  14 orc wizards
  4 worker ants
  2 hound zombies
  2 hound skeletons (D:4)
  A worker ant zombie (D:10)
  54 gnolls
  14 adders
  A river rat (D:4)
  2 shadow imps
  5 oozes
  2 adder skeletons
  2 worms (D:3)
  2 dart slugs
  9 leopard geckos
  57 orcs
  6 giant cockroaches
  17 goblins
  8 hobgoblins
  25 jackals
  17 kobolds
  5 quokkas
  3 ball pythons (D:4)
  8 bats
  7 frilled lizards
  A jackal zombie (D:5)
  A leopard gecko zombie (D:7)
  10 rats
418 creatures vanquished.

Vanquished Creatures (others)
  A bullfrog (D:11)
  An orc wizard (D:6)
2 creatures vanquished.

Grand Total: 420 creatures vanquished

Notes
Turn   | Place    | Note
-------+----------+-------------------------------------------
     0 | D:1      | AlterAsc the Human Fighter began the quest for the Orb.
     0 | D:1      | Reached XP level 1. HP: 18/18 MP: 1/1
    64 | D:1      | Reached XP level 2. HP: 18/24 MP: 2/2
   225 | D:1      | Reached XP level 3. HP: 29/29 MP: 3/3
   767 | D:2      | Reached XP level 4. HP: 34/35 MP: 4/4
   847 | D:2      | Found an iron altar of Okawaru.
  1943 | D:2      | Reached XP level 5. HP: 16/42 MP: 5/5
  2262 | D:3      | Found a shimmering altar of Xom.
  2263 | D:3      | Found a hazy altar of Hepliaklqana.
  2263 | D:3      | Noticed a Killer Klown
  2266 | D:3      | Noticed a Killer Klown
  2266 | D:3      | Noticed a spectral ugly thing
  2503 | D:3      | Reached skill level 4 in Fighting
  2990 | D:4      | Reached XP level 6. HP: 45/48 MP: 6/6
  3291 | D:4      | Reached skill level 5 in Long Blades
  3370 | D:4      | Noticed a phantom
  3382 | D:4      | Killed a phantom
  3413 | D:4      | Gained mutation: Your system is resistant to poisons.
                  | (rPois) [potion of mutation]
  3413 | D:4      | Gained mutation: You are partially covered in slimy green
                  | scales. (AC +2) [potion of mutation]
  3416 | D:4      | Reached skill level 12 in Fighting
  3416 | D:4      | Reached XP level 7. HP: 15/71 MP: 7/7
  3437 | D:5      | Entered Level 5 of the Dungeon
  3449 | D:5      | Reached XP level 8. HP: 10/78 MP: 8/8
  4353 | D:4      | Found a staircase to the Ecumenical Temple.
  4362 | Temple   | Entered the Ecumenical Temple
  4569 | Temple   | Became a worshipper of the Shining One
  4969 | D:4      | Found Miclog's Book Boutique.
  5590 | D:5      | Reached * piety under the Shining One
  5599 | D:5      | Reached XP level 9. HP: 64/84 MP: 9/9
  5616 | D:5      | Noticed Eustachio
  5637 | D:5      | Killed Eustachio
  7686 | D:4      | Noticed an unseen horror
  7939 | D:5      | Found a bloodstained altar of Trog.
  8765 | D:6      | Identified the cursed +1 scale mail of Blue Skies {rF++ rN+
                  | MR+ Str+2}
  8802 | D:6      | Reached XP level 10. HP: 27/91 MP: 10/10
  9372 | D:7      | Found Nidd's Gadget Emporium.
  9479 | D:7      | Reached skill level 5 in Armour
  9499 | D:7      | Reached skill level 5 in Shields
  9745 | D:7      | Reached ** piety under the Shining One
  9764 | D:7      | Reached skill level 1 in Evocations
 10033 | D:7      | Found Giapie's Food Emporium.
 10060 | D:7      | Found Huoto's Gadget Shop.
 10215 | D:7      | Found an iron altar of Okawaru.
 10215 | D:7      | Found a sparkling altar of Nemelex Xobeh.
 10216 | D:7      | Found a blossoming altar of Fedhas.
 10233 | D:7      | Found a shimmering blue altar of Sif Muna.
 10498 | D:7      | Found a runed translucent door.
 10499 | D:7      | Noticed Crazy Yiuf
 10507 | D:7      | Killed Crazy Yiuf
 11029 | D:8      | Noticed Pikel
 11041 | D:8      | Noticed Harold
 11632 | D:8      | Reached XP level 11. HP: 64/97 MP: 13/13
 11841 | D:8      | Killed Harold
 12076 | D:8      | Killed Pikel
 12254 | D:8      | Noticed Psyche
 12264 | D:8      | Killed Psyche
 12642 | D:9      | Reached *** piety under the Shining One
 12819 | D:9      | Noticed a two-headed ogre
 12824 | D:9      | Killed a two-headed ogre
 12970 | D:9      | Found a staircase to the Lair.
 13330 | D:10     | Entered Level 10 of the Dungeon
 13330 | D:10     | Found a portal to a secret trove of treasure.
 13352 | D:10     | Noticed Joseph
 13354 | D:10     | Found a flagged portal.
 13364 | Bailey   | Entered a bailey
 13944 | Bailey   | Reached skill level 5 in Evocations
 14852 | Bailey   | Noticed an orc knight
 14871 | Bailey   | Killed an orc knight
 14871 | Bailey   | Reached skill level 10 in Long Blades
 14935 | D:10     | Reached skill level 1 in Axes
 14959 | D:10     | Reached XP level 12. HP: 63/103 MP: 16/16
 15032 | D:10     | Noticed Sonja
 15437 | D:10     | Killed Sonja
 15437 | D:10     | Killed Joseph
 16217 | D:11     | Noticed a four-headed hydra
 16229 | D:11     | Killed a one-headed hydra
 16266 | D:11     | Noticed a two-headed ogre
 16275 | D:11     | Reached skill level 1 in Invocations
 16277 | D:11     | Reached **** piety under the Shining One
 16277 | D:11     | Noticed Snorg
 16284 | D:11     | Noticed Erolcha
 16382 | D:11     | HP: 5/154 [two-headed ogre/+0 great mace (5)]
 16382 | D:11     | Slain by Snorg

Levels and vault maps discovered:
D:1:      onia_arrival_pyramid, layout_basic, minmay_distorted
D:2:      layout_basic, okawaru_metal_pillars_1_2
D:3:      layout_loops_ring, regret_index_temple_of_mockery,
          roderic_serpentine_path
D:4:      lemuel_castle_with_subvaults [lemuel_castle_interior_original],
          layout_loops_ring, minmay_temple_entry_grid, portal_sewer_entry_c,
          first_ration, serial_shops, shop_statue, minmay_crystal_room
D:5:      layout_cave_pools, lemuel_crystal_altar, uniq_eustachio
D:6:      layout_gridville
D:7:      layout_basic, nicolae_overflow_quartered_altars, serial_shops, shop,
          shop, shop, uniq_crazy_yiuf_cottage
D:8:      layout_cave_pools, uniq_harold, uniq_pikel, uniq_psyche
D:9:      layout_stronghold, erik_lair_orcish_takeover
D:10:     layout_big_octagon, enter_bailey_6, enter_trove_2, david_nohive_1,
          uniq_joseph, uniq_sonja
D:11:     layout_layer_cave, uniq_snorg, uniq_erolcha
Temple:   regret_index_temple_generic_petals

Skill      XL: |  1  2  3  4  5  6  7  8  9 10 11 12 |
---------------+-------------------------------------+-----
Long Blades    | 3 4 5 6 7 8 10 | 10.6
Fighting       | 4 12 | 12.9
Armour         | 4 5 6 7 |  7.2
Shields        | 4 5 6 7 |  7.5
Evocations     | 2 5 6 |  6.2
Axes           | 1 3 |  3.7
Invocations    | 1 |  1.2

Action                   |  1- 3 |  4- 6 |  7- 9 | 10-12 || total
-------------------------+-------+-------+-------+-------++-------
Melee: Long sword        |   118 |   222 |   190 |       ||   530
       Scimitar          |       |       |   294 |   733 ||  1027
       Unarmed           |       |       |       |    10 ||    10
       Executioner's axe |       |       |       |     4 ||     4
Throw: Javelin           |       |     1 |     4 |       ||     5
Evoke: Wand              |       |       |       |     4 ||     4
  Use: Potion            |       |     8 |     3 |     5 ||    16
       Scroll            |       |       |     5 |     7 ||    12
 Stab: Invisible         |       |       |     1 |       ||     1
       Sleeping          |       |       |     1 |       ||     1
  Eat: Chunk             |       |     9 |    18 |    36 ||    63
       Ration            |       |       |       |     1 ||     1
Armor: Scale mail        |    62 |    84 |   243 |   341 ||   730
       Skin              |       |       |       |     4 ||     4
Dodge: Dodged            |    27 |    58 |   186 |   241 ||   512
Block: Shield            |    58 |   117 |   292 |   456 ||   923
       Rpst.: Long sword |     7 |    21 |    22 |       ||    50
       Scimitar          |       |       |    25 |    70 ||    95
